 Dungeon Crawl Stone Soup version 0.18-a0-1171-ga8e22e7 (webtiles) character file.

5678 Kidiri the Covert (level 10, 0/48 HPs)
             Began as a Spriggan Enchanter on Jan 26, 2016.
             Was a Priest of Dithmenos.
             Slain by a black mamba (16 damage)
             ... on level 1 of the Lair of Beasts.
             The game lasted 00:43:35 (13394 turns).

Kidiri the Covert (Spriggan Enchanter)             Turns: 13394, Time: 00:43:36

Health: 0/48       AC:  4    Str:  9    XL:     10   Next: 47%
Magic:  9/22       EV: 26    Int: 20    God:    Dithmenos [***...]
Gold:   255        SH:  0    Dex: 20    Spells: 9 memorised, 2 levels left

rFire  . . .     SeeInvis +     i - +0 rapier
rCold  . . .     Gourm    .     b - +1 robe
rNeg   . . .     Faith    .     (shield restricted)
rPois  +         Spirit   .     (helmet restricted)
rElec  .         Dismiss  .     e - +0 cloak
rCorr  .         Reflect  .     (gloves unavailable)
SustAt .         Harm     .     (boots unavailable)
MR     +....                    (no amulet)
Stlth  ++++++++..               a - ring of poison resistance
                                j - +3 ring of dexterity

@: mighty, lethally poisoned (0 -> -10), wreathed by umbra, very quick, somewhat
resistant to hostile enchantments, extraordinarily stealthy
A: unfitting armour, see invisible, herbivore 3, speed 3, slow metabolism 2
a: Shadow Step, Renounce Religion


You were on level 1 of the Lair of Beasts.
You worshipped Dithmenos.
Dithmenos was most pleased with you.
You were not hungry.

You visited 3 branches of the dungeon, and saw 11 of its levels.
You also visited: Sewer.

You collected 255 gold pieces.

Inventory:

Hand Weapons
 i - a +0 rapier (weapon)
 o - a +3 dagger of venom
 D - a +2 dagger of draining
Armour
 b - a +1 robe (worn)
 e - a +0 cloak (worn)
Jewellery
 a - a ring of poison resistance (right hand)
 h - an uncursed ring of protection from magic
 j - a +3 ring of dexterity (left hand)
 y - an uncursed ring of sustain attributes
 B - an uncursed ring of protection from cold
Wands
 d - a wand of polymorph (13/24)
 k - a wand of magic darts (40/48)
 u - a wand of paralysis (5/24)
 z - a wand of confusion (31/48)
Scrolls
 g - 2 scrolls of remove curse
 l - a scroll of recharging {unknown}
 p - 2 scrolls of teleportation
 t - 2 scrolls of torment {unknown}
 v - a scroll of enchant armour {unknown}
 w - 2 scrolls of immolation {unknown}
 x - a scroll of fear {unknown}
Potions
 f - 2 potions of haste {unknown}
 m - a potion of cancellation
 n - 2 potions of lignification
 r - 2 potions of brilliance {unknown}
 s - 3 potions of mutation {unknown}
 A - a potion of invisibility {unknown}
Books
 C - a book of Party Tricks

   Spells                             Type                      Level
   a - Summon Butterflies             Summoning                    1
   b - Apportation                    Translocation                1
   c - Tukima's Dance                 Hexes                        3
   d - Alistair's Intoxication        Transmutation/Poison         5
   e - Invisibility                   Hexes                        6
 E - a book of Necromancy

   Spells                             Type                      Level
   a - Pain                           Necromancy                   1
   b - Animate Skeleton               Necromancy                   1
   c - Vampiric Draining              Necromancy                   3
   d - Regeneration                   Charms/Necromancy            3
   e - Animate Dead                   Necromancy                   4
   f - Control Undead                 Necromancy                   4
 G - a book of Unlife

   Spells                             Type                      Level
   a - Recall                         Summoning/Translocation      3
   b - Animate Dead                   Necromancy                   4
   c - Control Undead                 Necromancy                   4
   d - Cigotuvi's Embrace             Necromancy                   5
   e - Death Channel                  Necromancy                   6
   f - Simulacrum                     Ice/Necromancy               6
Comestibles
 c - 3 fruits
 q - 2 bread rations


   Skills:
 + Level 2.9 Fighting
 * Level 6.5 Short Blades
 + Level 2.5 Armour
 * Level 8.6 Dodging
 * Level 10.4 Stealth
 * Level 7.4 Spellcasting
 + Level 2.3 Conjurations
 + Level 5.9 Hexes
 + Level 4.9 Charms
 + Level 1.5 Necromancy
 + Level 4.0 Translocations
 + Level 2.7 Ice Magic
 + Level 3.2 Invocations


You had 2 spell levels left.
You knew the following spells:

 Your Spells              Type           Power        Failure   Level  Hunger
a - Corona                Hex            ####...      1%          1    None
b - Ensorcelled Hibernat  Hex/Ice        ###...       2%          2    None
c - Confuse               Hex            ####....     2%          3    #......
d - Tukima's Dance        Hex            ####....     2%          3    #......
e - Dazzling Spray        Conj/Hex       ###.....     6%          3    #......
f - Shroud of Golubria    Chrm/Tloc      ####......   2%          2    None
g - Spectral Weapon       Hex/Chrm       ####....     3%          3    #......
h - Regeneration          Chrm/Necr      ###.......   10%         3    #......
i - Apportation           Tloc           ###.......   1%          1    None


Dungeon Overview and Level Annotations

Branches:
Dungeon (9/15)             Temple (1/1) D:6            Lair (1/8) D:8
    Orc: D:9-12

Altars:
Ashenzari
Cheibriados
Dithmenos
Elyvilon
Fedhas
Gozag
Kikubaaqudgha
Makhleb
Nemelex Xobeh
Okawaru
Pakellas
Qazlal
Ru
Sif Muna
Trog
Vehumet
Xom
Yredelemnul
Zin
The Shining One
Lugonu

Shops:
D:5 [

Annotations:
D:5 exclusion: oklob plant, pedritolo's ghost, novice CeWr
D:9 Ijustatesigmund's ghost, novice DsFi


Innate Abilities, Weirdness & Mutations

You are tiny and cannot use many weapons and most armour.
You have supernaturally acute eyesight.
You are a herbivore.
You cover ground extremely quickly.
You need consume almost no food.


Message History

Aim: a black mamba (umbra)
The spray of energy hits the black mamba.
The black mamba is lightly wounded.
You feel sick. The black mamba completely misses you.
The black mamba misses you.
Casting: Dazzling Spray
Confirm with . or Enter, or press ? or * to list all spells.
Aiming: Dazzling Spray
Press: ? - help, Shift-Dir - straight line, f/p - black mamba
Aim: a black mamba (lightly wounded, umbra)
The spray of energy hits the black mamba.
The black mamba is lightly wounded.
You feel sick. The black mamba misses you. The black mamba closely misses you.
Drink which item? (? for menu, Esc to quit)
Okay, then.
Unknown command.
Drink which item? (? for menu, Esc to quit)
You feel very mighty all of a sudden.
You feel sick. The black mamba bites you!
You die...

#(..# #<..# ##
#...##.##
#.........
#...(#.###
##....# #
#....#######
##..#..>....
#.@#.......#
###S...♣....
##..r.##♣ . .
#....## #...##
####
..###....#.....
...............
...♣.....♣..>..
..+.....†......


You could see a black mamba and a river rat.

Vanquished Creatures
  Erica (D:8)
  Pikel (D:8)
  An elephant (D:8)
  A wyvern (D:8)
  A yak (D:8)
  2 hippogriffs
  2 orc warriors
  3 water moccasins (D:8)
  A black bear (D:8)
  2 ice beasts (D:7)
  2 sky beasts
  3 ogres
  2 phantoms
  A centaur (D:7)
  2 crocodiles
  A big kobold (D:8)
  4 giant frogs
  2 scorpions
  A water moccasin skeleton (D:3)
  2 crimson imps
  6 jellies
  2 quasits (D:7)
  2 giant frog skeletons
  6 orc wizards
  8 orc priests
  6 hounds
  6 iguanas
  6 worker ants
  A sheep (D:8)
  A hound skeleton (D:7)
  A worker ant zombie (D:7)
  3 gnolls (D:2)
  13 adders
  A river rat (Lair:1)
  A shadow imp (D:8)
  An adder skeleton (D:6)
  A worm (D:2)
  6 giant geckos
  28 orcs
  7 bats
  3 giant cockroaches (D:2)
  5 goblins
  5 hobgoblins
  19 jackals
  3 quokkas
  6 ball pythons
  9 giant newts
  13 kobolds
  A quokka skeleton (D:6)
  A quokka zombie (D:5)
  10 rats
  A spectral orc (D:7)
217 creatures vanquished.

Vanquished Creatures (collateral kills)
  An orc warrior (D:8)
  2 ogres
  2 orc wizards
  2 orcs (D:7)
7 creatures vanquished.

Vanquished Creatures (others)
  2 dancing weapons (D:6)
  A hungry ghost (D:8)
  2 slaves (D:8)
  A centaur skeleton (D:8)
  An adder (D:8)
  A shadow imp (D:8)
  22 toadstools (D:5)
30 creatures vanquished.

Grand Total: 254 creatures vanquished

Notes
Turn   | Place    | Note
--------------------------------------------------------------
     0 | D:1      | Kidiri the Spriggan Enchanter began the quest for the Orb.
     0 | D:1      | Reached XP level 1. HP: 9/9 MP: 5/5
   200 | D:1      | Reached XP level 2. HP: 13/13 MP: 6/6
   204 | D:1      | Learned a level 2 spell: Ensorcelled Hibernation
  1110 | D:2      | Reached XP level 3. HP: 15/17 MP: 2/8
  1411 | D:1      | Learned a level 3 spell: Dazzling Spray
  1602 | D:2      | Reached XP level 4. HP: 18/21 MP: 1/9
  1855 | D:2      | Learned a level 3 spell: Confuse
  2131 | D:2      | Reached skill level 1 in Fighting
  2265 | D:3      | Found a glowing silver altar of Zin.
  2314 | D:3      | Reached skill level 5 in Stealth
  2314 | D:3      | Reached XP level 5. HP: 18/25 MP: 11/11
  2376 | D:3      | Found an oddly glowing altar of Pakellas.
  2500 | D:3      | Found a glowing drain.
  2507 | Sewer    | Entered a sewer
  3886 | D:3      | Noticed an ogre
  3898 | D:3      | Killed an ogre
  3898 | D:3      | Reached skill level 1 in Ice Magic
  3898 | D:3      | Reached XP level 6. HP: 30/30 MP: 1/12
  3905 | D:3      | Learned a level 3 spell: Tukima's Dance
  4190 | D:4      | Found a shadowy altar of Dithmenos.
  4193 | D:4      | Became a worshipper of Dithmenos the Shadowed
  4484 | D:4      | Reached skill level 1 in Armour
  5030 | D:5      | Entered Level 5 of the Dungeon
  5035 | D:5      | Found a white marble altar of Elyvilon.
  5062 | D:5      | Found a burning altar of Makhleb.
  5135 | D:5      | Reached skill level 5 in Dodging
  5135 | D:5      | Reached XP level 7. HP: 33/33 MP: 11/14
  5142 | D:5      | Learned a level 2 spell: Shroud of Golubria
  5230 | D:5      | Reached skill level 6 in Stealth
  5300 | D:5      | Found Hoodoxtu's Antique Armour Shop.
  5374 | D:5      | Noticed pedritolo's ghost (novice CeWr)
  5685 | D:5      | Reached skill level 1 in Charms
  5957 | D:4      | Reached * piety under Dithmenos
  6340 | D:4      | Reached skill level 5 in Hexes
  6750 | D:5      | Found a blossoming altar of Fedhas.
  6765 | D:5      | Noticed an oklob plant
  6871 | D:6      | Reached skill level 5 in Spellcasting
  6990 | D:6      | Reached skill level 1 in Translocations
  6990 | D:6      | Reached skill level 1 in Invocations
  7540 | D:6      | Reached skill level 1 in Conjurations
  7540 | D:6      | Reached XP level 8. HP: 39/39 MP: 8/16
  7598 | D:6      | Learned a level 3 spell: Spectral Weapon
  7773 | D:6      | Reached skill level 7 in Stealth
  8062 | D:6      | Found a staircase to the Ecumenical Temple.
  8102 | Temple   | Entered the Ecumenical Temple
  8356 | D:6      | Found a radiant altar of Vehumet.
  8357 | D:6      | Found an ancient bone altar of Kikubaaqudgha.
  8359 | D:6      | Found an iron altar of Okawaru.
  8569 | D:7      | Found a bloodstained altar of Trog.
  8888 | D:7      | Found an opulent altar of Gozag.
  9344 | D:7      | Reached skill level 8 in Stealth
  9454 | D:7      | Reached ** piety under Dithmenos
  9671 | D:7      | Found a basalt altar of Yredelemnul.
  9673 | D:7      | Reached XP level 9. HP: 42/42 MP: 15/18
 10149 | D:7      | Learned a level 3 spell: Regeneration
 10465 | D:7      | Reached skill level 5 in Short Blades
 10619 | D:8      | Reached skill level 9 in Stealth
 10901 | D:8      | Found a staircase to the Lair.
 10901 | D:8      | Noticed an elephant
 10932 | D:8      | Killed an elephant
 11035 | D:8      | Learned a level 1 spell: Apportation
 11101 | D:8      | Reached *** piety under Dithmenos
 11117 | D:8      | Reached skill level 1 in Necromancy
 11392 | D:8      | Noticed Erica
 11589 | D:8      | Killed Erica
 11589 | D:8      | Reached XP level 10. HP: 47/47 MP: 6/21
 11639 | D:8      | Reached skill level 10 in Stealth
 11660 | D:8      | Noticed Pikel
 11682 | D:8      | Killed Pikel
 12150 | D:8      | Found a snail-covered altar of Cheibriados.
 13221 | D:7      | Found an oddly glowing altar of Pakellas.
 13262 | D:9      | Noticed Ijustatesigmund's ghost (novice DsFi)
 13316 | Lair:1   | Entered Level 1 of the Lair of Beasts
 13373 | Lair:1   | Noticed a black mamba
 13394 | Lair:1   | Slain by a black mamba

Vault maps used:
D:1:      moated_graveyard_arrival, minmay_liquid_box, patterned_corridor
D:3:      old_standard_altar, first_bread, lightli_sewer_entry_pipes,
          grunt_pakellas_salt
D:4:      kennysheep_mini
D:5:      elyvilon_altar_4, makhleb_heckhound_becter, serial_shops,
          nicolae_shop_waterfront, tgw_fedhas
D:6:      minitemple, minmay_temple_entry_glass
D:7:      yredelemnul_forgotten_temple_becter, nicolae_overflow_hidden_temple
D:8:      kennysheep_mini_moat, david_lair_generic, uniq_pikel, uniq_erica
D:9:      hangedman_ranch
Temple:   corrupted_temple
Lair:1:   dpeg_oklob_gauntlet, minivault_11, grunt_megastairs_5
Sewer:    sewer_co_scattered_pipes

Action                   |  1- 3 |  4- 6 |  7- 9 | 10-12 || total
-------------------------+-------+-------+-------+-------++-------
Melee: Dagger            |    99 |   127 |    60 |       ||   286
       Rapier            |       |   104 |   244 |   104 ||   452
       Short sword       |       |    51 |    83 |       ||   134
       Unarmed           |       |       |       |     4 ||     4
 Cast: Corona            |     3 |     5 |     2 |       ||    10
       Ensorcelled Hiber |    23 |    27 |    50 |    24 ||   124
       Dazzling Spray    |     2 |     3 |    44 |    14 ||    63
       Confuse           |       |     7 |    19 |     7 ||    33
       Tukima's Dance    |       |     1 |     9 |     9 ||    19
       Shroud of Golubri |       |       |     2 |       ||     2
  Use: Scroll            |       |     8 |     1 |       ||     9
       Potion            |       |     1 |     9 |     1 ||    11
 Stab: Sleeping          |    25 |    18 |    37 |     9 ||    89
       Confused          |       |     3 |     7 |     3 ||    13
       Invisible         |       |     1 |    10 |     2 ||    13
       Distracted        |       |       |     2 |     1 ||     3
  Eat: Bread ration      |       |     1 |     2 |       ||     3
       Pizza             |       |       |     1 |       ||     1
